 Dungeon Crawl Stone Soup version 0.23-a0-435-g79ed067 (webtiles) character file.

297 nujazz the Skirmisher (level 6, 0/41 HPs)
             Began as a Gargoyle Fighter on Nov 15, 2018.
             Killed from afar by an orc wizard (6 damage)
             ... with a magic dart
             ... on level 4 of the Dungeon.
             The game lasted 00:06:05 (2225 turns).

nujazz the Skirmisher (Gargoyle Fighter)            Turns: 2225, Time: 00:06:06

Health: 0/41       AC: 12    Str: 25    XL:     6   Next: 35%
Magic:  6/6        EV:  9    Int: 10    God:
Gold:   192        SH:  3    Dex:  9    Spells: 3/5 levels left

rFire    x . .     SeeInvis .   a - +0 flail
rCold    + . .     Gourm    .   (no shield)
rNeg     + . .     Faith    .   b - +0 scale mail
rPois    ∞         Spirit   .   (no helmet)
rElec    +         Reflect  +   (no cloak)
rCorr    .         Harm     .   (no gloves)
MR       .....                  g - +0 pair of boots
Stlth    ..........             p - +3 amulet of reflection
HPRegen  0.13/turn              h - ring of ice
MPRegen  0.10/turn              (no ring)

@: mighty, slowed, very slow
A: negative energy resistance 1, electricity resistance, unbreathing,
petrification resistance, rot immunity, AC +4
a: no special abilities


You were on level 4 of the Dungeon.
You were not hungry.

You visited 1 branch of the dungeon, and saw 4 of its levels.

You collected 192 gold pieces.

Inventory:

Hand Weapons
 a - a +0 flail (weapon)
 j - a +1 short sword of venom
Armour
 b - a +0 scale mail (worn)
 c - a +0 shield
 g - a +0 pair of boots (worn)
Jewellery
 h - a ring of ice (left hand)
 p - a +3 amulet of reflection (around neck)
Scrolls
 e - 2 scrolls of remove curse
 i - a scroll of identify {unknown}
 k - a scroll of teleportation {unknown}
 m - 2 scrolls of enchant weapon {unknown}
 n - 2 scrolls of enchant armour {unknown}
 o - a scroll of magic mapping {unknown}
Potions
 l - a potion of curing {unknown}
 q - a potion of heal wounds {unknown}
Comestibles
 f - 8 rations


   Skills:
 + Level 5.7 Fighting
 + Level 4.6 Maces & Flails
 - Level 3.2 Armour
 - Level 3.2 Shields
 + Level 1.1 Translocations


You had 3 spell levels left.
You knew the following spells:

 Your Spells              Type           Power        Failure   Level  Hunger
a - Blink                 Tloc           N/A          65%         2    ###....

Your spell library contained the following spells:

 Spells                   Type           Power        Failure   Level  Hunger
 Magic Dart               Conj           #...         65%         1    ##.....
 Call Imp                 Summ           #.......     80%         2    ###....
 Slow                     Hex            #.......     80%         2    ###....
 Conjure Flame            Conj/Fire      #.......     95%         3    ####...
 Mephitic Cloud           Conj/Pois/Air  #.......     95%         3    ####...


Dungeon Overview and Level Annotations

Branches:
Dungeon (4/15)
 Temple: D:4-7

Altars:
Ashenzari
Sif Muna

Annotations:
D:3 exclusion: door


Innate Abilities, Weirdness & Mutations

You are resistant to torment.
Your stone body is resilient. (AC +4)
You are immune to poison.
You resist negative energy. (rN+)
You are resistant to electric shocks. (rElec)
You can survive without breathing.
You are immune to petrification.
You are immune to rotting.


Message History

The orc wizard hits you but does no damage.
You closely miss the orc wizard.
The orc wizard is heavily wounded.
The orc wizard hits you but does no damage.
The orc hits you but does no damage. The orc wizard closely misses you.
The orc barely misses you.
The orc wizard hits you but does no damage.
You closely miss the orc wizard.
The orc wizard is heavily wounded.
The orc wizard hits you with a +0 dagger.
* * * LOW HITPOINT WARNING * * *
The orc hits you but does no damage. You block the orc wizard's attack.
The orc hits you but does no damage.
The orc wizard hits you but does no damage.
Unknown command.
You barely miss the orc wizard.
The orc wizard is heavily wounded.
The orc wizard casts a spell at you. The magic dart hits you!
You die...

.............
.................
#...# #......... #...#
#....###).
#...##+#....# #..
#...#.......###..
#...#.....)..##..
######)..#...)))..##..
#...o@o..#........##..
#........#........##..
#........#........##..
#.....####........####
#.....+............# #
#.....###..........# #
#.....# #..........# #
#.....###..........###
#.......'...........#


You could see an orc wizard and an orc.

Vanquished Creatures
  A scorpion (D:4)
  An orc priest (D:4)
  An orc wizard (D:4)
  A hound skeleton (D:4)
  6 adders
  An ooze (D:4)
  3 dart slugs (D:1)
  3 leopard geckos
  8 orcs
  13 bats
  A bat skeleton (D:2)
  5 giant cockroaches
  13 hobgoblins
  10 jackals
  2 quokkas (D:4)
  2 frilled lizards (D:3)
  8 goblins
  7 kobolds
  9 rats
95 creatures vanquished.

Notes
Turn   | Place    | Note
-------+----------+-------------------------------------------
     0 | D:1      | nujazz the Gargoyle Fighter began the quest for the Orb.
     0 | D:1      | Reached XP level 1. HP: 14/14 MP: 1/1
    23 | D:1      | Reached XP level 2. HP: 13/19 MP: 2/2
   276 | D:1      | Found a shattered altar of Ashenzari.
   436 | D:1      | Reached skill level 4 in Fighting
   436 | D:1      | Reached XP level 3. HP: 24/24 MP: 3/3
   895 | D:2      | Reached XP level 4. HP: 29/30 MP: 4/4
  1411 | D:3      | Reached XP level 5. HP: 30/34 MP: 5/5
  1571 | D:3      | Reached skill level 5 in Fighting
  1619 | D:3      | Found a deep blue altar of Sif Muna.
  1916 | D:3      | Learned a level 2 spell: Blink
  2036 | D:4      | Reached XP level 6. HP: 21/40 MP: 6/6
  2212 | D:4      | Reached skill level 1 in Translocations
  2225 | D:4      | Killed from afar by an orc wizard

Vault maps used:
D:1:      dpeg_arrival_tiny_f, nicolae_ashenzari_panopticon
D:2:      grunt_ministairs_3, nicolae_underground_beach
D:3:      first_ration, led_sif_book
D:4:      uniq_natasha

Skill      XL: |  1  2  3  4  5  6 |
---------------+-------------------+-----
Fighting       | 4 5 |  5.7
Maces & Flails | 3 4 |  4.6
Translocations | 1 |  1.1
Armour         | |  3.2
Shields        | |  3.2

Action                   |  1- 3 |  4- 6 || total
-------------------------+-------+-------++-------
Melee: Flail             |   130 |   238 ||   368
  Use: Scroll            |       |     1 ||     1
       Potion            |       |     1 ||     1
  Eat: Chunk             |       |     3 ||     3
       Ration            |       |     1 ||     1
Armor: Scale mail        |   100 |   222 ||   322
Dodge: Dodged            |   104 |   169 ||   273
Block: Shield            |     8 |       ||     8
       Other             |       |    20 ||    20

Table legend:
 A = Non-vault XP
 B = Vault XP
 C = Vault XP percentage of total XP
 D = Non-vault monster count
 E = Vault monster count
 F = Vault count percentage of total count
                 A         B        C        D         E       F
            +---------+---------+-------+---------+---------+-------
      Total |     421 |       4 |   0.9 |      93 |       2 |   2.1
            +---------+---------+-------+---------+---------+-------
        D:1 |      46 |       0 |   0.0 |      23 |       0 |   0.0
        D:2 |      75 |       4 |   5.1 |      28 |       2 |   6.7
        D:3 |      71 |       0 |   0.0 |      27 |       0 |   0.0
        D:4 |     229 |       0 |   0.0 |      15 |       0 |   0.0
            +---------+---------+-------+---------+---------+-------
